[Event "Titled Tuesday Blitz November 15 Late 2022"]
[White "Urbina Perez, Juan Antonio"]
[Black "Nasuta, Grzegorz"]
[WhiteFideId "2217368"]
[BlackFideId "1141686"]
[WhiteElo "2197"]
[BlackElo "2440"]
[Result "1-0"]
[Round "06"]
[TimeControl "180+1"]
[Date "2022.11.16"]
[WhiteClock "0:00:22"]
[BlackClock "0:00:16"]

1. e4 c5 2. Nf3 e6 3. b3 b6 4. d4 cxd4 5. Nxd4 Bb7 6. Bd3 Nc6 7. Bb2 Nf6 8. Qe2 Bb4+ 9. Nd2 Nxd4 10. Bxd4 Qc7 11. O-O-O Bc3 12. Bxc3 Qxc3 13. Kb1 O-O 14. Nc4 d5 15. Nd6 Bc6 16. e5 Nd7 17. f4 a5 18. Bxh7+ Kxh7 19. Qh5+ Kg8 20. Rd3 d4 21. Rxc3 dxc3 22. Rd1 f6 23. a4 fxe5 24. fxe5 Nc5 25. Rd4 Rf1+ 26. Ka2 Rf2 27. Rh4 Rxc2+ 28. Ka3 1-0


[Site "https://www.chess.com"]

[Event "Titled Tuesday Blitz November 15 Late 2022"]
[White "Vargas, Mauricio"]
[Black "Prohorov, Olexandr"]
[WhiteFideId "4404572"]
[BlackFideId "14105578"]
[WhiteElo "2025"]
[BlackElo "1993"]
[Result "0-1"]
[Round "06"]
[TimeControl "180+1"]
[Date "2022.11.16"]
[WhiteClock "0:00:24"]
[BlackClock "0:01:18"]

1. e4 c5 2. f4 d5 3. Nc3 e6 4. e5 Nc6 5. Nf3 Nge7 6. g4 h5 7. g5 Nf5 8. Bg2 a6 9. O-O b5 10. d3 Qb6 11. Kh1 h4 12. Bh3 Nfd4 13. Ne2 Nxf3 14. Rxf3 Bb7 15. c3 d4 16. Rf1 Nxe5+ 17. Bg2 Bxg2+ 18. Kxg2 Qc6+ 19. Kg1 Nf3+ 20. Kf2 Nxh2 21. Ng1 dxc3 22. Re1 O-O-O 23. bxc3 f5 24. Be3 Ng4+ 25. Kf1 h3 26. a4 h2 27. axb5 hxg1=Q+ 28. Bxg1 Nh2+ 29. Kf2 axb5 30. Qe2 Ng4+ 31. Kf1 Bd6 32. Qxe6+ Kb7 33. Qf7+ Rd7 34. Qa2 Qf3+ 35. Bf2 Rh1# 0-1


[Site "https://www.chess.com"]

[Event "Titled Tuesday Blitz November 15 Late 2022"]
[White "Wieczorek, Oskar"]
[Black "Badelka, Olga"]
[WhiteFideId "1133950"]
[BlackFideId "13509926"]
[WhiteElo "2404"]
[BlackElo "2337"]
[Result "1-0"]
[Round "06"]
[TimeControl "180+1"]
[Date "2022.11.16"]
[WhiteClock "0:00:27"]
[BlackClock "0:00:02"]

1. e4 e5 2. Nf3 Nc6 3. Nc3 Nf6 4. h3 a6 5. d4 exd4 6. Nxd4 Bb4 7. Nxc6 dxc6 8. Qxd8+ Kxd8 9. Bg5 h6 10. O-O-O+ Ke7 11. Bd2 Be6 12. Bd3 Rhd8 13. f4 c5 14. f5 Bd7 15. Rhe1 Bxc3 16. Bxc3 Bc6 17. e5 Nd5 18. Bd2 b5 19. f6+ gxf6 20. Bxh6 c4 21. exf6+ Kxf6 22. Be4 Nb4 23. Rf1+ Ke5 24. Bxc6 Rxd1+ 25. Kxd1 Nxc6 26. Rxf7 Nb4 27. a3 Nd5 28. g4 a5 29. Rf5+ Ke4 30. Ke2 b4 31. axb4 axb4 32. Bg7 Re8 33. Kf2 b3 34. cxb3 cxb3 35. h4 Nf4 36. h5 Nd3+ 37. Kg3 Rg8 38. h6 c5 39. h7 1-0


[Site "https://www.chess.com"]

[Event "Titled Tuesday Blitz November 15 Late 2022"]
[White "Winkels, Marcel"]
[Black "Silvestre, Christian"]
[WhiteFideId "1003887"]
[BlackFideId "30956269"]
[WhiteElo "1900"]
[BlackElo "2327"]
[Result "0-1"]
[Round "06"]
[TimeControl "180+1"]
[Date "2022.11.16"]
[WhiteClock "0:01:21"]
[BlackClock "0:02:19"]

1. e4 c5 2. Nf3 e6 3. g3 Nc6 4. Bg2 d6 5. O-O Nf6 6. Nc3 Be7 7. d4 cxd4 8. Nxd4 O-O 9. Nxc6 bxc6 10. e5 Nd5 11. exd6 Bxd6 12. Ne4 Be7 13. c4 Nf6 14. Qxd8 Rxd8 15. Nxf6+ Bxf6 16. Bxc6 Rb8 17. Rb1 e5 18. Be4 g6 19. b3 Be6 20. Be3 a6 21. Rfd1 Be7 22. Kf1 f5 23. Bf3 e4 24. Be2 g5 25. Rxd8+ Rxd8 26. Rd1 Rxd1+ 27. Bxd1 h6 28. Ke2 Bd6 29. c5 Bc7 30. Bd4 f4 31. Bc2 Bg4+ 32. Kd2 e3+ 33. Ke1 fxg3 34. hxg3 Ba5+ 35. Kf1 e2+ 0-1


[Site "https://www.chess.com"]

[Event "Titled Tuesday Blitz November 15 Late 2022"]
[White "Winterberg, Lukas"]
[Black "Sabuk, Piotr"]
[WhiteFideId "24622702"]
[BlackFideId "1137565"]
[WhiteElo "2349"]
[BlackElo "2326"]
[Result "1/2-1/2"]
[Round "06"]
[TimeControl "180+1"]
[Date "2022.11.16"]
[WhiteClock "0:00:04"]
[BlackClock "0:00:03"]

1. d4 Nf6 2. Nf3 d5 3. c4 e6 4. Nc3 Be7 5. g3 O-O 6. Bg2 Nbd7 7. O-O c6 8. Nd2 b5 9. cxb5 cxb5 10. Nxb5 Qb6 11. a4 Ba6 12. e4 Bxb5 13. axb5 Qxb5 14. Qa4 Qxa4 15. Rxa4 Nb6 16. Ra6 Rfc8 17. exd5 Nfxd5 18. Ne4 Rc7 19. Bd2 Rd8 20. Rfa1 Nc8 21. Ba5 Ndb6 22. Nc3 Rc4 23. d5 exd5 24. Nxd5 Rxd5 25. Bxb6 Nxb6 26. Rxb6 axb6 27. Bxd5 Rd4 28. Ra8+ Bf8 29. Bb3 Rb4 30. Ba2 Rxb2 31. Ra7 g6 32. Bxf7+ Kh8 33. Bd5 Bc5 34. Rf7 Rd2 35. Be6 b5 36. h4 b4 37. g4 Re2 38. Bd5 Rd2 39. Be6 Rd6 40. Bb3 Rd4 41. g5 Rxh4 42. Rc7 Rg4+ 43. Kf1 Rxg5 44. Ke2 Rf5 45. f3 Re5+ 46. Kf1 h5 47. Kg2 Bd4 48. Bc2 Bc3 49. Kh3 Rg5 50. f4 Rg4 51. f5 gxf5 52. Bxf5 Rg1 53. Kh4 Rh1+ 54. Kg5 Kg8 55. Be4 Rg1+ 56. Kxh5 Kf8 57. Bd5 Ke8 58. Rb7 Kd8 59. Kh4 Bf6+ 60. Kh3 Bc3 61. Kh2 Rg5 62. Bb3 Kc8 63. Rf7 Rc5 64. Kg2 Be5 65. Kf2 Rc3 66. Be6+ Kb8 67. Rf5 Bd6 68. Rb5+ Kc7 69. Ke2 Kc6 70. Rf5 Bc5 71. Rf6 Re3+ 72. Kd2 Kb5 73. Bf7 Re5 74. Re6 Rf5 75. Be8+ Kc4 76. Re4+ Bd4 77. Rg4 Rf2+ 78. Ke1 Rh2 79. Bf7+ Kc3 80. Rg3+ Kc2 81. Bd5 Bc3+ 82. Kf1 Rd2 83. Rg2 Rxg2 84. Kxg2 b3 85. Bxb3+ 1/2-1/2


[Site "https://www.chess.com"]

[Event "Titled Tuesday Blitz November 15 Late 2022"]
[White "Xiong, Jeffery"]
[Black "Sarana, Alexey"]
[WhiteFideId "2047640"]
[BlackFideId "24133795"]
[WhiteElo "2725"]
[BlackElo "2708"]
[Result "1-0"]
[Round "06"]
[TimeControl "180+1"]
[Date "2022.11.15"]
[WhiteClock "0:00:06"]
[BlackClock "0:00:09"]

1. e4 c5 2. Nc3 d6 3. f4 g6 4. Nf3 Bg7 5. Bb5+ Bd7 6. Bc4 e6 7. d4 cxd4 8. Nxd4 Ne7 9. Be3 O-O 10. O-O Nbc6 11. Bb3 Na5 12. Qd3 a6 13. Kh1 Rc8 14. Rad1 Qc7 15. f5 exf5 16. Nd5 Nxd5 17. Bxd5 fxe4 18. Qxe4 Rce8 19. Rxf7 Rxf7 20. Bxf7+ Kxf7 21. Qd5+ Be6 22. Nxe6 Rxe6 23. Rf1+ Ke7 24. Bg5+ Bf6 25. Bxf6+ Rxf6 26. Qg5 Qxc2 27. Qxf6+ Kd7 28. Qh8 Nc4 29. Rf7+ Ke6 30. Qf6+ Kd5 31. Qf3+ Kc5 32. Rc7+ Kd4 33. Qf4+ Kd5 34. h3 Qb1+ 35. Kh2 Ne5 36. Rxb7 Qxa2 37. Qd2+ Ke6 38. Rb6 Nc4 39. Qe2+ Kd7 40. Rb7+ Kc6 41. Qe4+ d5 42. Qe7 Qa5 43. Qd7+ Kc5 44. b4+ Qxb4 45. Rxb4 Kxb4 46. Qxd5 a5 47. Qf7 a4 48. Qxh7 a3 49. Qxg6 a2 50. Qg7 Kb3 51. Qa1 Na3 52. Qd1+ Nc2 53. Qd3+ Kb2 54. Qb5+ Kc3 55. Qa5+ Kb3 56. Qd5+ Kb2 57. Qe5+ Kb3 58. Qe6+ Kb2 59. Qf6+ Kb3 60. h4 a1=Q 61. Qxa1 Nxa1 62. h5 Nc2 63. h6 Ne3 64. h7 Ng4+ 65. Kg1 1-0


[Site "https://www.chess.com"]

[Event "Titled Tuesday Blitz November 15 Late 2022"]
[White "Yanchenko, Roman"]
[Black "Alekseenko, Kirill"]
[WhiteFideId "4137329"]
[BlackFideId "4135539"]
[WhiteElo "2489"]
[BlackElo "2682"]
[Result "1-0"]
[Round "06"]
[TimeControl "180+1"]
[Date "2022.11.15"]
[WhiteClock "0:00:05"]
[BlackClock "0:00:05"]

1. d4 d5 2. c4 dxc4 3. Nc3 Nf6 4. e3 e5 5. Bxc4 exd4 6. exd4 Bd6 7. Nf3 O-O 8. O-O Nc6 9. h3 h6 10. Re1 Bf5 11. a3 a6 12. Ba2 b5 13. Ne5 Na5 14. b4 Nc4 15. Nxc4 bxc4 16. Bxc4 Qd7 17. Qf3 Rae8 18. Rxe8 Rxe8 19. Be3 Ne4 20. Nxe4 Bxe4 21. Qh5 Re7 22. Bxa6 Bxg2 23. Kxg2 Qc6+ 24. Qf3 Qxa6 25. Qd5 Rxe3 26. b5 Qa5 27. fxe3 Qd2+ 28. Kf3 Qh2 29. Qa8+ Kh7 30. Qe4+ g6 31. Qg4 Qb2 32. Rf1 f5 33. Qg2 Qxb5 34. Qe2 Qd5+ 35. Kf2 Bxa3 36. Qf3 Qa2+ 37. Kg1 Bd6 38. Qf2 Qd5 39. Qg2 Qe6 40. Qf3 Qc4 41. Kg2 h5 42. e4 Qxd4 43. exf5 Qe5 44. fxg6+ Kh6 45. Rf2 c5 46. Re2 Qg5+ 47. Kf1 Qc1+ 48. Kf2 Qg5 49. g7 Kxg7 50. Qb7+ Kf6 51. Qf3+ Kg7 52. Qg2 Qxg2+ 53. Kxg2 Kf6 54. Kf3 Be5 55. Ke4 Bd4 56. Rg2 Bc3 57. Rg3 Bd4 58. h4 Kf7 59. Rg5 Bf6 60. Rf5 Kg6 61. Rf4 c4 62. Kf3 c3 63. Rc4 Kf5 64. Rc5+ Be5 65. Ke3 Ke6 66. Ke4 Kd6 67. Rd5+ Kc6 68. Rd1 Bf6 69. Kd3 Kc5 70. Rf1 Bxh4 71. Rf5+ Kb4 72. Rf4+ Kb3 73. Rxh4 c2 74. Rh1 Kb2 75. Rh2 h4 76. Rxc2+ Kb1 77. Rh2 h3 78. Kc3 Ka1 79. Kb3 1-0


[Site "https://www.chess.com"]

[Event "Titled Tuesday Blitz November 15 Late 2022"]
[White "Yoo, Christopher Woojin"]
[Black "Korchmar, Vasiliy"]
[WhiteFideId "30909694"]
[BlackFideId "24131750"]
[WhiteElo "2463"]
[BlackElo "2370"]
[Result "1-0"]
[Round "06"]
[TimeControl "180+1"]
[Date "2022.11.15"]
[WhiteClock "0:00:18"]
[BlackClock "0:00:28"]

1. c4 c6 2. Nf3 d5 3. g3 g6 4. Bg2 Bg7 5. O-O e5 6. cxd5 cxd5 7. d3 Nc6 8. Nc3 Nge7 9. Bd2 O-O 10. Rc1 h6 11. Qb3 Be6 12. Qa3 f5 13. e3 e4 14. Nd4 Nxd4 15. exd4 Nc6 16. dxe4 fxe4 17. Be3 Nxd4 18. Rfd1 Nf3+ 19. Bxf3 exf3 20. Qc5 Kh8 21. Nxd5 Rc8 22. Nc7 Qf6 23. Bd4 Qf7 24. Re1 Rxc7 25. Bxg7+ Kxg7 26. Qe5+ 1-0


[Site "https://www.chess.com"]

[Event "Titled Tuesday Blitz November 15 Late 2022"]
[White "Young, Ryan"]
[Black "Hajiyev, Kanan"]
[WhiteFideId "2049945"]
[BlackFideId "13404148"]
[WhiteElo "2305"]
[BlackElo "2118"]
[Result "0-1"]
[Round "06"]
[TimeControl "180+1"]
[Date "2022.11.16"]
[WhiteClock "0:00:02"]
[BlackClock "0:01:13"]

1. e4 c6 2. d4 d5 3. exd5 cxd5 4. Bd3 Nc6 5. c3 Qc7 6. h3 Nf6 7. Nf3 g6 8. O-O Bg7 9. Re1 O-O 10. Nbd2 Bf5 11. Bf1 Ne4 12. g4 Nxd2 13. Bxd2 Bd7 14. Bg2 b5 15. a3 e6 16. b4 a5 17. Qe2 Nd8 18. Ne5 Nb7 19. h4 Nd6 20. h5 Nc4 21. Nxc4 Qxc4 22. Qxc4 bxc4 23. Bf3 Ra6 24. Rac1 axb4 25. axb4 Ra2 26. Bf4 Rfa8 27. Bd6 Rb2 28. Re2 Rxe2 29. Bxe2 Ra2 30. Kf1 Ba4 31. hxg6 hxg6 32. f4 Bh6 33. g5 Bf8 34. Bxf8 Kxf8 35. Ke1 Ke7 36. Kf2 Bc2 37. Ke3 Kd6 38. Rh1 Ra3 39. Kd2 Be4 40. Rh7 Ra2+ 41. Ke3 Ke7 42. Rh8 Rc2 43. Rb8 Rxc3+ 44. Kf2 Rb3 45. b5 Rb2 46. Ke1 c3 47. b6 Rb1+ 48. Kf2 c2 49. Rc8 Rxb6 50. Ke3 Rb2 51. Bd3 Rb3 52. Rxc2 Rxd3+ 53. Kf2 Rxd4 54. Ra2 Bf5 55. Ra7+ Kf8 56. Kg3 Rd3+ 57. Kf2 Kg7 58. Rb7 d4 59. Ra7 Rd2+ 60. Kg3 d3 61. Rd7 Re2 62. Kf3 Ra2 63. Rd8 d2 64. Kg3 Be4 65. Kh4 Bd5 66. f5 gxf5 67. g6 fxg6 68. Rd7+ Kf6 69. Kg3 d1=Q 70. Kh4 Qg4# 0-1


[Site "https://www.chess.com"]

[Event "Titled Tuesday Blitz November 15 Late 2022"]
[White "Yuan, Qingyu"]
[Black "vjecspec"]
[WhiteFideId "8609772"]
[WhiteElo "2359"]
[BlackElo "2531"]
[Result "1-0"]
[Round "06"]
[TimeControl "180+1"]
[Date "2022.11.16"]
[WhiteClock "0:00:21"]
[BlackClock "0:00:48"]

1. e4 g6 2. d4 Bg7 3. Nf3 d6 4. Be3 Nf6 5. Nc3 O-O 6. Qd2 a6 7. Bh6 b5 8. Bd3 Nc6 9. d5 Bxh6 10. Qxh6 Ng4 11. Qh4 Nce5 12. Ng5 h6 13. Nf3 e6 14. Qg3 Nxf3+ 15. gxf3 Ne5 16. dxe6 Bxe6 17. f4 Nxd3+ 18. cxd3 b4 19. Ne2 Qf6 20. f5 Bd7 21. O-O-O Kh7 22. Rdg1 gxf5 23. Nf4 Rg8 24. Nh5 Qd4 25. Qh4 Rg6 26. Rxg6 fxg6 27. Qe7+ Kh8 28. Nf6 1-0


[Site "https://www.chess.com"]

[Event "Titled Tuesday Blitz November 15 Late 2022"]
[White "Yurovskykh, Oleksandr"]
[Black "Huber, Benedikt"]
[WhiteFideId "14134020"]
[BlackFideId "12923583"]
[WhiteElo "2265"]
[BlackElo "2199"]
[Result "1-0"]
[Round "06"]
[TimeControl "180+1"]
[Date "2022.11.16"]
[WhiteClock "0:02:06"]
[BlackClock "0:01:59"]

1. d4 e6 2. Bf4 f5 3. e3 Nf6 4. Nf3 g6 5. Be2 Bg7 6. O-O O-O 7. c4 d6 8. h3 Nc6 9. Nc3 Qe7 10. Bh2 Nd8 11. Rc1 Nf7 12. Qc2 e5 13. dxe5 dxe5 14. Nd5 Nxd5 15. cxd5 Bd7 16. Qxc7 e4 17. Nd4 Rfc8 18. Qxb7 Bxd4 19. exd4 Nd6 20. Qb4 Rxc1 21. Rxc1 Nc8 22. Rxc8+ 1-0


[Site "https://www.chess.com"]

[Event "Titled Tuesday Blitz November 15 Late 2022"]
[White "Zhalmakhanov, Ramazan"]
[Black "Jarmula, Lukasz"]
[WhiteFideId "13706357"]
[BlackFideId "1160664"]
[WhiteElo "2405"]
[BlackElo "2357"]
[Result "1-0"]
[Round "06"]
[TimeControl "180+1"]
[Date "2022.11.15"]
[WhiteClock "0:02:12"]
[BlackClock "0:01:39"]

1. e4 e5 2. Nf3 Nc6 3. Bb5 a6 4. Ba4 Nf6 5. O-O Be7 6. d4 exd4 7. e5 Ne4 8. Nxd4 O-O 9. Nf5 d5 10. Bxc6 bxc6 11. Nxe7+ Qxe7 12. Re1 Rd8 13. Bf4 Bf5 14. Nd2 Nxd2 15. Qxd2 d4 16. Bg5 f6 17. exf6 Qf7 18. Re7 Qh5 19. Rxg7+ Kh8 20. Re1 Rg8 21. Qf4 Bg6 22. Rxg8+ Rxg8 23. f7 1-0


[Site "https://www.chess.com"]

[Event "Titled Tuesday Blitz November 15 Late 2022"]
[White "Zhigalko, Sergei"]
[Black "Petrovic, Aleksa"]
[WhiteFideId "13502956"]
[BlackFideId "967629"]
[WhiteElo "2662"]
[BlackElo "2224"]
[Result "1-0"]
[Round "06"]
[TimeControl "180+1"]
[Date "2022.11.16"]
[WhiteClock "0:00:05"]
[BlackClock "0:00:02"]

1. e4 e6 2. d4 d5 3. e5 c5 4. c3 Qb6 5. Nf3 Nc6 6. a3 c4 7. Nbd2 Na5 8. Be2 Bd7 9. O-O Ne7 10. Rb1 Qc7 11. h4 h6 12. h5 Nc8 13. Qe1 Ba4 14. Bd1 Qd7 15. Nh4 Be7 16. Bxa4 Qxa4 17. f4 Qc2 18. f5 Bxh4 19. Qxh4 exf5 20. Qg3 Rg8 21. e6 Ne7 22. Qc7 Nb3 23. Re1 f6 24. Nxb3 Qxb3 25. Qd7+ Kf8 26. Bf4 Qb6 27. Bd6 Re8 28. Bxe7+ Rxe7 29. Qxd5 g6 30. Re2 gxh5 31. Qxf5 Reg7 32. Rf1 Qc6 33. d5 Qc5+ 34. Kh1 Qe7 35. Qxf6+ Qxf6 36. Rxf6+ Ke7 37. Rxh6 Kd6 38. Rxh5 Re7 39. Kg1 Rg3 40. Re4 Rd3 41. Rxc4 Rd1+ 42. Kf2 Rd2+ 43. Kf3 Rxb2 44. Rb4 Rc2 45. Rb3 Rd2 46. g3 Rd3+ 47. Kf4 Rxd5 48. Rxd5+ Kxd5 49. Rb5+ Kc4 50. Re5 Kxc3 51. Kf5 Kb3 52. Re3+ Kc4 53. Kf6 Rh7 54. e7 Rh8 55. e8=Q 1-0


[Site "https://www.chess.com"]

[Event "Titled Tuesday Blitz November 15 Late 2022"]
[White "Zhou, Qiyu"]
[Black "Adewumi, Tanitoluwa"]
[WhiteFideId "505161"]
[BlackFideId "30966396"]
[WhiteElo "2101"]
[BlackElo "2532"]
[Result "1/2-1/2"]
[Round "06"]
[TimeControl "180+1"]
[Date "2022.11.16"]
[WhiteClock "0:00:08"]
[BlackClock "0:00:05"]

1. Na3 d5 2. d4 Nf6 3. Nf3 Bf5 4. c3 e6 5. Nc2 h6 6. e3 c5 7. Bd3 Bxd3 8. Qxd3 Nc6 9. O-O Bd6 10. b3 O-O 11. h3 Ne4 12. Bb2 Rc8 13. dxc5 Nxc5 14. Qe2 Na5 15. Ncd4 a6 16. b4 Na4 17. bxa5 Qxa5 18. Nb3 Qc7 19. Rac1 Qc4 20. Qd2 Rfd8 21. Ba1 Ba3 22. Rc2 b5 23. Qd4 f6 24. Rd2 e5 25. Qxc4 dxc4 26. Rxd8+ Rxd8 27. Nbd2 Rd3 28. Rb1 Kf7 29. Kf1 Ke6 30. Ke2 h5 31. Ne1 Rd7 32. Nc2 Bc5 33. Rd1 f5 34. Nf3 Rd3 35. Ng5+ Kf6 36. h4 Nxc3+ 37. Bxc3 Rxc3 38. Kd2 Rd3+ 39. Ke2 e4 40. Nh3 Ke5 41. Nf4 Bb6 42. Ne1 Rxd1 43. Kxd1 Ba5 44. Nc2 g6 45. Nd4 Kf6 46. Nd5+ Ke5 47. Nf4 Bb6 48. Nxg6+ Kf6 49. Nf4 Ke5 50. Nfe2 b4 51. Kc2 a5 52. Nc6+ Kd5 53. Ncd4 Ke5 54. Nc6+ Kd6 55. Ncd4 Ke5 1/2-1/2


[Site "https://www.chess.com"]

[Event "Titled Tuesday Blitz November 15 Late 2022"]
[White "Adewumi, Tanitoluwa"]
[Black "Stanisz, Patryk"]
[WhiteFideId "30966396"]
[BlackFideId "1123106"]
[WhiteElo "2528"]
[BlackElo "2069"]
[Result "1-0"]
[Round "07"]
[TimeControl "180+1"]
[Date "2022.11.16"]
[WhiteClock "0:00:07"]
[BlackClock "0:00:07"]

1. e4 c5 2. Nf3 Nc6 3. Bb5 g6 4. Bxc6 dxc6 5. d3 Bg7 6. h3 Nf6 7. Be3 Nd7 8. Nc3 e5 9. Qd2 h6 10. Nh2 Qe7 11. O-O Nf8 12. f4 exf4 13. Bxf4 Ne6 14. Bg3 Nd4 15. Rf2 Be6 16. Raf1 O-O-O 17. Qf4 Kd7 18. Ng4 g5 19. Ne5+ Ke8 20. Qe3 h5 21. Nxf7 Nxc2 22. Qxg5 Bd4 23. Qxe7+ Kxe7 24. Bh4+ Kd7 25. Nxd8 Rxd8 26. Bxd8 Kxd8 27. Kh2 Bxf2 28. Rxf2 Nb4 29. Rd2 Ke7 30. a3 Na6 31. Kg3 Kf6 32. Kh4 b5 33. Kxh5 b4 34. Ne2 Nc7 35. g4 Ke5 36. g5 a5 37. g6 a4 38. axb4 cxb4 39. Kh6 Nb5 40. g7 a3 41. bxa3 bxa3 42. Nc1 Kd4 43. Kh7 Kc3 44. Ra2 Kb4 45. g8=Q Bxg8+ 46. Kxg8 Nc3 47. Ra1 Na4 48. h4 Nb2 49. h5 Nxd3 50. Nxd3+ Kb3 51. Nc1+ Kb2 52. Ra2+ Kxc1 53. Rxa3 Kb1 54. Rc3 c5 55. Rxc5 1-0


[Site "https://www.chess.com"]

[Event "Titled Tuesday Blitz November 15 Late 2022"]
[White "Aguilar, Juan"]
[Black "Domingo Nunez, Alejandro"]
[WhiteFideId "3800091"]
[BlackFideId "22245561"]
[WhiteElo "2454"]
[BlackElo "2242"]
[Result "1-0"]
[Round "07"]
[TimeControl "180+1"]
[Date "2022.11.16"]
[WhiteClock "0:00:09"]
[BlackClock "0:00:06"]

1. d4 Nf6 2. c4 g6 3. Nc3 Bg7 4. e4 d6 5. Nf3 O-O 6. Be2 e5 7. d5 a5 8. Be3 Nh5 9. g3 Na6 10. Nd2 Nf6 11. h4 h5 12. Qc2 c6 13. Bg5 Qb6 14. Be3 Qc7 15. f3 Bd7 16. Kf2 cxd5 17. cxd5 b5 18. Rhc1 Qb7 19. a4 Nb4 20. Qb1 bxa4 21. Nxa4 Bb5 22. Nc4 Qa6 23. b3 Nd7 24. Re1 f5 25. Nc3 f4 26. Bd2 Bh6 27. Nxb5 Qxb5 28. gxf4 Bxf4 29. Rg1 Kh7 30. Bxf4 Rxf4 31. Ne3 Qb6 32. Qc1 Nf6 33. Ke1 Qd4 34. Rf1 Ra7 35. Rb1 Rf7 36. Qd2 Qc5 37. Rc1 Qa7 38. Rc4 Ne8 39. Ng2 R4f6 40. Qg5 Ng7 41. f4 exf4 42. Rxf4 Qe3 43. Nxe3 1-0


[Site "https://www.chess.com"]

[Event "Titled Tuesday Blitz November 15 Late 2022"]
[White "Al-Tarboush, Ward"]
[Black "Prydun, Andriy"]
[WhiteFideId "7601450"]
[BlackFideId "14145898"]
[WhiteElo "2273"]
[BlackElo "2163"]
[Result "0-1"]
[Round "07"]
[TimeControl "180+1"]
[Date "2022.11.16"]
[WhiteClock "0:02:22"]
[BlackClock "0:01:45"]

1. e4 c6 2. Nf3 d5 3. Nc3 Bg4 4. h3 Bxf3 5. Qxf3 e6 6. d4 Nd7 7. Bd3 dxe4 8. Nxe4 Ngf6 9. O-O Nxe4 10. Qxe4 Nf6 11. Qe5 Bd6 12. Qg5 O-O 13. c3 Nd7 14. Qh5 Nf6 15. Qh4 Be7 16. Bg5 h6 17. Bxh6 gxh6 18. Qxh6 Re8 19. Rae1 Bf8 20. Qg5+ Bg7 21. f4 Nd5 22. Qg4 f5 23. Qg6 Qf6 24. Qh5 Qh6 25. Qf3 Kf7 26. g4 fxg4 27. hxg4 Rh8 28. Qg2 Rag8 29. g5 Qh4 30. f5 Bxd4+ 31. cxd4 Rxg5 32. fxe6+ Ke8 33. Bg6+ Kd8 34. e7+ Nxe7 0-1


[Site "https://www.chess.com"]

[Event "Titled Tuesday Blitz November 15 Late 2022"]
[White "Alekseenko, Kirill"]
[Black "Tristan, Leonardo"]
[WhiteFideId "4135539"]
[BlackFideId "113816"]
[WhiteElo "2682"]
[BlackElo "2461"]
[Result "1-0"]
[Round "07"]
[TimeControl "180+1"]
[Date "2022.11.15"]
[WhiteClock "0:02:06"]
[BlackClock "0:00:32"]

1. e4 d5 2. exd5 Qxd5 3. Nc3 Qa5 4. Nf3 Nf6 5. d4 Bf5 6. Bc4 e6 7. Bd2 Bb4 8. a3 Bxc3 9. Bxc3 Qb6 10. Qe2 O-O 11. O-O-O Nc6 12. h3 Rfe8 13. g4 Bg6 14. h4 h5 15. gxh5 Bxh5 16. Rhg1 Ne7 17. Rg5 Ng6 18. Rdg1 Qc6 19. R1g3 Bxf3 20. Rxf3 Nxh4 21. Rxf6 Qh1+ 22. Qf1 Qxf1+ 23. Bxf1 Nf5 24. d5 Kf8 25. Rfxf5 exf5 26. Bxg7+ Ke7 27. Rxf5 Kd6 28. Bd3 Re7 29. Bh6 Rh8 30. Bf4+ Kd7 31. Bg5 Re1+ 32. Kd2 Rhh1 33. Rxf7+ Kd6 34. c4 b5 35. Bf4+ Kc5 36. Rxc7+ Kb6 37. c5+ Ka5 38. Rxa7# 1-0


[Site "https://www.chess.com"]

[Event "Titled Tuesday Blitz November 15 Late 2022"]
[White "Alexikov, Alexander"]
[Black "Young, Ryan"]
[WhiteFideId "14103958"]
[BlackFideId "2049945"]
[WhiteElo "2222"]
[BlackElo "2300"]
[Result "1-0"]
[Round "07"]
[TimeControl "180+1"]
[Date "2022.11.16"]
[WhiteClock "0:00:50"]
[BlackClock "0:00:15"]

1. e4 e5 2. Nf3 Nc6 3. c3 d5 4. Qa4 dxe4 5. Nxe5 Bd7 6. Nxd7 Qxd7 7. Qxe4+ Be7 8. d4 O-O-O 9. Bc4 Nf6 10. Qf3 Bd6 11. O-O h5 12. Bf4 Qf5 13. Bxd6 Qxf3 14. gxf3 Rxd6 15. Nd2 Nd8 16. Ne4 Rb6 17. b3 h4 18. Rfe1 Rh6 19. h3 Kd7 20. Kh2 Nh5 21. Rg1 Rbg6 22. Rg4 f5 23. Nc5+ Kc8 24. Rxh4 Rg5 25. f4 Rgg6 26. Bd3 Rf6 27. Rg1 g6 28. Be2 b6 29. Nd3 Nf7 30. Ne5 Nxe5 31. fxe5 Re6 32. f4 c6 33. Rg5 Kc7 34. Bxh5 Rxh5 35. Rhxh5 gxh5 36. Rxf5 b5 37. Rxh5 Kb6 38. f5 Re8 39. f6 c5 40. f7 Rf8 41. e6 1-0


[Site "https://www.chess.com"]

[Event "Titled Tuesday Blitz November 15 Late 2022"]
[White "Allahverdiyeva, Ayan"]
[Black "Santos Flores, Alberto"]
[WhiteFideId "13412590"]
[BlackFideId "3601234"]
[WhiteElo "2021"]
[BlackElo "2235"]
[Result "0-1"]
[Round "07"]
[TimeControl "180+1"]
[Date "2022.11.16"]
[WhiteClock "0:00:02"]
[BlackClock "0:00:27"]

1. e4 c5 2. Nf3 Nc6 3. c3 Nf6 4. Qe2 d5 5. e5 Ng8 6. Kd1 Bf5 7. Nh4 Bg6 8. Nxg6 hxg6 9. d3 e6 10. Bf4 g5 11. Bg3 Nge7 12. h3 g6 13. Nd2 Bg7 14. Rg1 Nf5 15. Bh2 g4 16. Qxg4 Nxe5 17. Qa4+ Qd7 18. Qxd7+ Nxd7 19. Kc2 b5 20. g4 Ne7 21. c4 bxc4 22. dxc4 Nc6 23. cxd5 Nd4+ 24. Kd3 exd5 25. Bg2 c4+ 26. Ke3 Nc2+ 27. Ke2 Nxa1 28. Rxa1 Nb6 29. Rb1 O-O 30. Nf3 Na4 31. Kd2 Nxb2 32. Kc2 Nd3 33. Bg3 Rfe8 34. Bf1 Nc5 35. Nd2 Be5 36. Bxe5 Rxe5 37. f4 Re3 38. h4 Ne4 0-1


[Site "https://www.chess.com"]

[Event "Titled Tuesday Blitz November 15 Late 2022"]
[White "Andreassen, Lars"]
[Black "Papayan, Oleg"]
[WhiteFideId "1504878"]
[BlackFideId "4193911"]
[WhiteElo "2119"]
[BlackElo "2153"]
[Result "0-1"]
[Round "07"]
[TimeControl "180+1"]
[Date "2022.11.16"]
[WhiteClock "0:02:23"]
[BlackClock "0:02:30"]

1. d4 Nf6 2. Nf3 d5 3. c4 e6 4. Nc3 c5 5. Bg5 cxd4 6. Nxd4 e5 7. Nc2 d4 8. Nd5 Be7 9. Nxe7 Qxe7 10. e3 dxe3 11. Nxe3 Qb4+ 12. Ke2 Qxb2+ 13. Qc2 Qxa1 14. Kf3 Nc6 15. Bd3 Qxh1 16. Bxf6 Nd4+ 0-1


[Site "https://www.chess.com"]

[Event "Titled Tuesday Blitz November 15 Late 2022"]
[White "Annaberdiyev, Babageldi"]
[Black "Sivakumar, Shaashwath"]
[WhiteFideId "14000385"]
[BlackFideId "30912156"]
[WhiteElo "2332"]
[BlackElo "2137"]
[Result "1-0"]
[Round "07"]
[TimeControl "180+1"]
[Date "2022.11.16"]
[WhiteClock "0:01:48"]
[BlackClock "0:00:06"]

1. e4 c5 2. Nf3 d6 3. d4 cxd4 4. Nxd4 Nf6 5. Nc3 a6 6. Bg5 Nbd7 7. Be2 g6 8. O-O Bg7 9. a4 O-O 10. h3 b6 11. Nc6 Qe8 12. Nd5 Nxd5 13. exd5 Nf6 14. Bf3 Bb7 15. Re1 e5 16. dxe6 Bxc6 17. exf7+ Qxf7 18. Bxc6 Rac8 19. Bf3 h6 20. Be3 Qc7 21. c3 Nd7 22. Bg4 Ne5 23. Bxc8 Qxc8 24. Qxd6 Kh7 25. Bd4 Nf3+ 26. gxf3 Qxh3 27. Re7 Rf5 28. Rxg7+ Kh8 29. Qd8+ Rf8 30. Qxf8# 1-0


[Site "https://www.chess.com"]

[Event "Titled Tuesday Blitz November 15 Late 2022"]
[White "Arnold, Ken"]
[Black "Krishnan, Varun"]
[WhiteFideId "2056836"]
[BlackFideId "5054508"]
[WhiteElo "2354"]
[BlackElo "2556"]
[Result "0-1"]
[Round "07"]
[TimeControl "180+1"]
[Date "2022.11.16"]
[WhiteClock "0:00:03"]
[BlackClock "0:00:17"]

1. d4 Nf6 2. c4 e6 3. Nf3 b6 4. g3 Bb7 5. Bg2 Bb4+ 6. Bd2 a5 7. a3 Bxd2+ 8. Nbxd2 O-O 9. O-O c5 10. dxc5 bxc5 11. Nb1 Nc6 12. Nc3 d5 13. cxd5 exd5 14. Qc2 Ba6 15. Rfd1 Re8 16. e3 Rc8 17. Na4 c4 18. Nd4 Nxd4 19. Rxd4 Bb5 20. Nc3 Bc6 21. Rad1 Qb6 22. Nxd5 Bxd5 23. Bxd5 Rb8 24. Qxc4 Nxd5 25. Rxd5 Qxb2 26. Rxa5 Rbc8 27. Qd3 h6 28. Rb5 Qa2 29. Rd5 Rc2 30. Rd8 Rxd8 31. Qxd8+ Kh7 32. Qd3+ g6 33. Rf1 Rd2 34. Qa6 Rc2 35. Qa7 Rc3 36. a4 Ra3 37. Rd1 Rxa4 38. Qe7 Ra7 39. Qf6 Qb3 40. Rd8 Qb1+ 41. Kg2 Qe4+ 42. Kh3 Qe6+ 43. Qxe6 fxe6 44. Kg4 Kg7 45. h4 Kf6 46. h5 Ra4+ 47. f4 gxh5+ 48. Kf3 Ra1 49. Rh8 Kg7 50. Re8 Kf7 51. Ra8 Rxa8 0-1


[Site "https://www.chess.com"]